 Zot Defence DCSS version 0.15-a0-2099-gfb1bfb9 (webtiles) character file.

753 N00bl0rd the Shield-Bearer (level 7, -1/44 HPs)
             Began as a Gargoyle Fighter on July 14, 2014.
             Was an Initiate of Cheibriados.
             Slain by a blink frog (9 damage)
             ... in the Realm of Zot (Scenario I: Hall of Zot).
             The game lasted 00:04:57 (715 turns).

N00bl0rd the Shield-Bearer (Gargoyle Fighter)        Turns: 715, Time: 00:04:58

HP  -1/44        AC 12     Str 22      XL: 7   Next: 78%
MP   7/7         EV  7     Int 10      God: Cheibriados [......]
Gold 0           SH 10     Dex 10      Spells:  0 memorised,  6 levels left

rFire  . . .     SeeInvis .     a - +0 war axe
rCold  . . .     Clarity  .     b - +0 scale mail
rNeg   + . .     rCorr    .     c - +0 shield
rPois  +         rRot     +     (no helmet)
rElec  +         Spirit   .     (no cloak)
SustAb .         Warding  .     (no gloves)
rMut   .         Stasis   .     (no boots)
Gourm  .                        (no amulet)
MR     .....                    (no ring)
                                (no ring)

@: very slow, not resistant to hostile enchantments, extremely unstealthy
A: negative energy resistance 1, electricity resistance, unbreathing,
petrification resistance, rot immunity, AC +4
a: Make oklob sapling, Make arrow trap, Make plant, Remove Curse, Make burning
bush, Make altar, Make grenades, Make oklob plant, Bend Time, Renounce Religion


You were in the Realm of Zot.
You worshipped Cheibriados.
Cheibriados was noncommittal.
You were not hungry.

You visited 1 branch

Inventory:

Hand weapons
 a - a +0 war axe (weapon)
Armour
 b - a +0 scale mail (worn)
 c - a +0 shield (worn)
Comestibles
 f - a bread ration
Scrolls
 k - a scroll of blinking
Potions
 d - 3 potions of curing
 e - a potion of might
 h - a potion of haste
 i - 2 potions of magic
 j - a potion of berserk rage


   Skills:
 + Level 4.7 Fighting
 * Level 4.3 Axes
 + Level 4.4 Armour
 * Level 3.5 Dodging
 + Level 5.0 Shields


You had 6 spell levels left.
You didn't know any spells.

Dungeon Overview and Level Annotations

Branches:
    Zot (1/1)

Altars:
Cheibriados


Innate Abilities, Weirdness & Mutations

You are resistant to torment.
You are immune to poison.
Your stone body is very resilient (AC +4).
You resist negative energy.
You are resistant to electric shocks.
You can survive without breathing.
You are immune to petrification.
You are immune to rotting.


Message History

The blink frog is lightly wounded.
You slash the giant frog!
You kill the giant frog!
Cheibriados appreciates the change of pace.
Your Shields skill increases to level 5!
You slash the blink frog!
The blink frog is moderately wounded.
The blink frog completely misses you. The blink frog closely misses you.
You block the blink frog's attack.
The blink frog blinks!
Unknown command.
You miss the blink frog.
The blink frog is lightly wounded.
You block the blink frog's attack.
The blink frog blinks!
A spiny frog and a blink frog come into view.
Unknown command.
Unknown command.
You miss the blink frog.
The blink frog is moderately wounded.
You block the blink frog's attack. The blink frog hits you!
You die...

######### ######### ....####
####.... .......### ###.......
.........## ##.........
..........# ▓▓▓▓▓▓▓▓▓ #..........
..........▓▓▓.......▓▓▓..........
..........▓▓.........▓▓..........
..........▓....§F).F..▓..........
..........F....)@)F..F...........
..........▓....)_)....▓..........
..........▓▓.........▓▓..........
..........▓▓▓.......▓▓▓..........
..........▓ ▓▓▓▓▓▓▓▓▓ ▓..........
.........▓▓ ▓▓.........
.......▓▓▓ ▓▓▓....... ....▓▓▓▓
▓▓▓▓.... ▓▓▓▓▓▓▓▓ ▓▓▓▓▓▓▓▓


You could see a spiny frog and 4 blink frogs.

Vanquished Creatures
  A spiny frog (Zot)
  A giant frog (Zot)
  A gnoll (Zot)
  An adder (Zot)
  A worm (Zot)
  8 oozes (Zot)
  2 orcs (Zot)
  4 ball pythons (Zot)
  3 bats (Zot)
  3 giant cockroaches (Zot)
  2 hobgoblins (Zot)
  7 kobolds (Zot)
  10 goblins (Zot)
  A goblin skeleton (Zot)
  A quokka skeleton (Zot)
  4 rats (Zot)
50 creatures vanquished.

Vanquished Creatures (collateral kills)
  A water moccasin skeleton (Zot)
  A giant newt (Zot)
  A kobold (Zot)
  A rat (Zot)
4 creatures vanquished.

Vanquished Creatures (others)
  3 oklob saplings (Zot)
3 creatures vanquished.

Grand Total: 57 creatures vanquished

Notes
Turn   | Place    | Note
--------------------------------------------------------------
     0 | Zot      | N00bl0rd, the Gargoyle Fighter, began the quest for the Orb.
     0 | Zot      | Reached XP level 1. HP: 14/14 MP: 1/1
   225 | Zot      | Reached XP level 2. HP: 19/19 MP: 2/2
   237 | Zot      | Reached skill level 1 in Dodging
   237 | Zot      | Reached XP level 3. HP: 2/23 MP: 3/3
   332 | Zot      | Reached XP level 4. HP: 25/29 MP: 4/4
   542 | Zot      | Reached XP level 5. HP: 33/33 MP: 5/5
   603 | Zot      | Reached skill level 4 in Shields
   639 | Zot      | Reached XP level 6. HP: 34/38 MP: 6/6
   646 | Zot      | Became a worshipper of Cheibriados the Contemplative
   687 | Zot      | Noticed a spiny frog
   694 | Zot      | Noticed a blink frog
   701 | Zot      | Killed a spiny frog
   701 | Zot      | Reached XP level 7. HP: 38/44 MP: 7/7
   708 | Zot      | Noticed a blink frog
   709 | Zot      | Noticed a blink frog
   713 | Zot      | Reached skill level 5 in Shields
   715 | Zot      | Noticed a spiny frog
   715 | Zot      | Noticed a blink frog
   715 | Zot      | Slain by a blink frog

Action                   |  1- 3 |  4- 6 |  7- 9 || total
-------------------------+-------+-------+-------++-------
Melee: War axe           |    49 |    78 |    13 ||   140
 Abil: Make oklob saplin |       |     3 |       ||     3
       Make altar        |       |     1 |       ||     1
  Use: Potion            |     1 |       |       ||     1
 Stab: Distracted        |       |     2 |       ||     2
